 Dungeon Crawl Stone Soup version 0.29-a0-1027-gcd8c55af63 (webtiles) character file.

Game seed: 13216724385620934359

188 27heaven the Slasher (level 5, -1/36 HPs)
             Began as an Octopode Monk on Aug 13, 2022.
             Was a Priest of Trog.
             Slain by an orc
             ... wielding a +0 war axe
              (7 damage)
             ... on level 4 of the Dungeon.
             The game lasted 00:02:12 (1430 turns).

27heaven the Slasher (Octopode Monk)                Turns: 1430, Time: 00:02:12

Health: -1/36      AC:  1    Str: 10    XL:     5   Next: 67%
Magic:  5/5        EV: 13    Int: 13    God:    Trog [***...]
Gold:   54         SH:  3    Dex: 16    Spells: 4/4 levels left

rFire   . . .      SeeInvis .   k - +0 long sword
rCold   . . .      Faith    .   d - +0 buckler
rNeg    . . .      Spirit   .   (helmet restricted)
rPois   .          Reflect  .   (no amulet)
rElec   .          Harm     .   (no ring)
rCorr   .          Rampage  .   (no ring)
Will    .....                   (no ring)
Stlth   +++.......              (no ring)
HPRegen 0.12/turn               (no ring)
MPRegen 0.09/turn               (no ring)
                                (no ring)
                                (no ring)

@: no status effects
A: almost no armour, amphibious, 8 rings, camouflage 1, gelatinous body 1,
(nimble swimmer 1), tentacles
a: Renounce Religion, Berserk, Trog's Hand


You were on level 4 of the Dungeon.
You worshipped Trog.
Trog was most pleased with you.
You visited 1 branch of the dungeon, and saw 3 of its levels.

You collected 54 gold pieces.

Inventory:

Hand Weapons
 a - a +0 falchion
 k - a +0 long sword (weapon)
Armour
 d - a +0 buckler (worn)
Scrolls
 e - a scroll of torment {unknown}
 f - 2 scrolls of amnesia {unknown}
 l - 3 scrolls of magic mapping {unknown}
Potions
 b - 2 potions of ambrosia
 c - 2 potions of curing {unknown}
 g - a potion of heal wounds {unknown}
 h - a potion of might {unknown}
 i - a potion of cancellation {unknown}
 j - a potion of mutation {unknown}


   Skills:
 - Level 3.0 Fighting
 + Level 6.2 Long Blades
 - Level 3.0 Dodging
 - Level 2.6 Stealth


You had 4 spell levels left.
You didn't know any spells.
Your spell library was empty.

Dungeon Overview and Level Annotations

Branches:
Dungeon (4/15)
 Temple: D:4-7

Altars:
Trog


Innate Abilities, Weirdness & Mutations

You cannot wear most types of armour.
You are amphibious.
You can wear up to eight rings at the same time.
Your skin changes colour to match your surroundings (Stealth+).
Your rubbery body absorbs attacks. (AC +1, EV +1)
((You are camouflaged when in or above water. (Stealth+)))
You have tentacles for arms and can constrict up to eight enemies at once.


Message History

A goblin is nearby!
Found a stone staircase leading down.
The goblin shouts!
The goblin closely misses you.
You slash the goblin!
You kill the goblin!
Trog accepts your kill.
You see here a +0 club.
No target in view!
There is a stone staircase leading down here.
An orc comes into view. It is wielding a +0 whip.
An orc comes into view. It is wielding a +0 war axe.
Found a stone staircase leading up.
An orc comes into view. It is wielding a +0 falchion.
An endoplasm comes into view.
An orc comes into view. It is wielding a +0 trident.
The orc shouts! x3
You block the orc's attack.
A dart slug comes into view.
The endoplasm quivers.
You closely miss the orc. You grab the orc. You constrict the orc.
The orc completely misses you. The orc hits you with a +0 whip.
The dart slug launches a dart at you. The slug dart misses you.
You hit the orc.
You kill the orc!
Trog accepts your kill. The orc hits you with a +0 war axe.
The orc barely misses you. The dart slug launches a dart at you.
The slug dart hits you.
You slash the orc!
You kill the orc!
Trog accepts your kill. The orc misses you. The orc hits you with a +0 war axe!
The orc hits you from afar with a +0 trident!
* * * LOW HITPOINT WARNING * * *
Unknown command.
The orc attacks as you move away! You block the orc's attack.
The orc attacks as you move away! The orc hits you with a +0 war axe!
You die...

#.##.........#
.......#.........#
......#.#.........###
...........######...#
........./..## ###.#
.............# #.###
.............######...#
................>.###.###
......o.@....####.).....#
##..J).o..$.# ######...
##..).....## ###
#........# #.........<#
#..........# #......=...#
#.......w..# #..........#


You could see a dart slug, 2 orcs and an endoplasm.

Vanquished Creatures
  A bullfrog (D:4)
  A scorpion (D:4)
  An orc priest (D:4)
  An adder (D:4)
  An ufetubus (D:4)
  A dart slug (D:1)
  5 orcs (D:4)
  An endoplasm (D:4)
  A giant cockroach (D:4)
  3 goblins
  A hobgoblin (D:4)
  3 ball pythons
  2 bats (D:1)
  A frilled lizard (D:1)
  A rat (D:2)
24 creatures vanquished.

Notes
Turn   | Place    | Note
-------+----------+-------------------------------------------
     0 | D:1      | 27heaven the Octopode Monk began the quest for the Orb.
     0 | D:1      | Reached XP level 1. HP: 16/16 MP: 1/1
   188 | D:1      | Found a faded altar of an unknown god.
   197 | D:1      | Prayed at the altar of an unknown god.
   197 | D:1      | Became a worshipper of Trog the Wrathful
   197 | D:1      | Reached * piety under Trog
   197 | D:1      | Reached ** piety under Trog
   654 | D:1      | Reached XP level 2. HP: 21/21 MP: 2/2
   829 | D:2      | You fall into a shaft and drop 2 floors!
   839 | D:4      | Noticed a scorpion
   841 | D:4      | Noticed a bullfrog
   849 | D:4      | Killed a scorpion
   850 | D:4      | Reached skill level 4 in Long Blades
   850 | D:4      | Reached XP level 3. HP: 16/26 MP: 3/3
   850 | D:4      | Reached XP level 4. HP: 19/31 MP: 4/4
   852 | D:4      | Killed a bullfrog
   853 | D:4      | Reached skill level 5 in Long Blades
   853 | D:4      | Reached XP level 5. HP: 9/36 MP: 5/5
  1129 | D:4      | Reached *** piety under Trog
  1149 | D:4      | Reached skill level 6 in Long Blades
  1430 | D:4      | Slain by an orc

Illustrated notes

Levels and vault maps discovered:
D:1:      onia_arrival_pyramid, layout_basic, dreamdust_ecumenical_altar_grove
D:2:      layout_loops_ring, serial_shops, nicolae_shop_trees, shop, basic_altar
D:4:      layout_rooms, kennysheep_generic_room_5

Skill      XL: |  1  2  3  4  5 |
---------------+----------------+-----
Long Blades    | 4 5 6 |  6.2
Fighting       | |  3.0
Dodging        | |  3.0
Stealth        | |  2.6

Action                   |  1- 3 |  4- 6 || total
-------------------------+-------+-------++-------
Melee: Falchion          |    14 |    27 ||    41
       Constrict         |     3 |     7 ||    10
       Tentacles         |     1 |     9 ||    10
       Long sword        |       |     4 ||     4
Invok: Berserk           |     1 |       ||     1
 Stab: Sleeping          |     6 |       ||     6
Armor: Skin              |       |     2 ||     2
Dodge: Dodged            |     7 |    23 ||    30
Block: Buckler           |     1 |     8 ||     9

Table legend: (Time is in decaauts)
 A = Elapsed time spent in this place.
 B = Non-inter-level travel time spent in this place.
 C = Inter-level travel time spent in this place.
 D = Time resting spent in this place.
 E = Time spent auto-exploring this place.
 F = Levels seen in this place.
 G = Mean time per level.
                   A        B        C        D        E       F      G
               +--------+--------+--------+--------+--------+-----+--------+
         Total |   1439 |   1345 |     94 |    368 |    699 |   3 |  479.7 |
       Dungeon |   1439 |   1345 |     94 |    368 |    699 |   3 |  479.7 |
               +--------+--------+--------+--------+--------+-----+--------+

Top non-repeatable levels by time:
     D:1: 761 daAuts
     D:4: 608 daAuts
     D:2: 69 daAuts
